 Dungeon Crawl Stone Soup version 0.27-a0-1431-gcffa5a9b16 (webtiles) character file.

Game seed: 13202106051390045225

1665 freelancePsychic the Ducker (level 9, -5/67 HPs)
             Began as a Djinni Summoner on July 3, 2021.
             Was a Follower of Makhleb.
             Splashed by an acid dragon's acid (15 damage)
             ... on level 8 of the Dungeon.
             The game lasted 00:13:50 (9917 turns).

freelancePsychic the Ducker (Djinni Summoner)       Turns: 9917, Time: 00:13:50

Health: -5/67      AC:  0    Str:  7    XL:     9   Next: 20%
Gold:   317        EV: 14    Int: 21    God:    Makhleb [*.....] SH:  0 Dex: 13

rFire    + . .     SeeInvis .   u - staff of air
rCold    . . .     Faith    +   (no shield)
rNeg     . . .     Spirit   .   a - +1 robe
rPois    ∞         Reflect  .   (no helmet)
rElec    +         Harm     .   x - +0 cloak
rCorr    .         Rampage  .   (no gloves)
Will     .....                  (boots unavailable)
Stlth    ++........             r - amulet of faith
HPRegen  0.21/turn              f - ring of wizardry
MPRegen  0.00/turn              w - ring of ice

@: corroded, flying
A: sickness immunity, fire resistance 2, cold vulnerability 1, float, innate
caster, hp casting, extra vitality 1
a: Renounce Religion


You were on level 8 of the Dungeon.
You worshipped Makhleb.
Makhleb was aware of your devotion.
You visited 2 branches of the dungeon, and saw 9 of its levels.

You collected 317 gold pieces.

Inventory:

Hand Weapons
 i - a +0 quarterstaff
Armour
 a - a +1 robe (worn)
 x - a +0 cloak (worn)
Magical Staves
 u - a staff of air (weapon)
Jewellery
 c - a +4 ring of slaying
 f - a ring of wizardry (left hand)
 o - a ring of wizardry
 r - an amulet of faith (around neck)
 w - a ring of ice (right hand)
Wands
 g - a wand of digging (7)
 l - a wand of polymorph (10)
 s - a wand of mindburst (7)
Scrolls
 d - a scroll of teleportation {@r4}
 j - a scroll of amnesia
 m - a scroll of summoning
 p - a scroll of vulnerability
Potions
 b - a potion of ambrosia {unknown}
 e - a potion of lignification
 h - a potion of attraction
 k - 2 potions of berserk rage {unknown}
 n - 4 potions of curing {unknown}
 q - a potion of resistance {unknown}
 t - a potion of invisibility {unknown}
 v - a potion of degeneration {unknown}


   Skills:
 * Level 6.5 Fighting
 * Level 6.6 Dodging
 - Level 1.5 Stealth
 + Level 6.1 Spellcasting


You couldn't memorise any spells.
You knew the following spells:

 Your Spells              Type           Power      Damage    Failure   Level
a - Sticky Flame          Conj/Fire      32%        2d5       3%          4
b - Call Imp              Summ           32%        N/A       1%          2
c - Call Canine Familiar  Summ           32%        N/A       1%          3
d - Summon Guardian Gole  Hex/Summ       32%        N/A       1%          3
e - Summon Lightning Spi  Summ/Air       48%        N/A       3%          4
f - Summon Ice Beast      Ice/Summ       48%        N/A       3%          4
g - Summon Small Mammal   Summ           100%       N/A       1%          1
h - Passwall              Tmut/Erth      26%        N/A       1%          2
i - Mephitic Cloud        Conj/Pois/Air  48%        N/A       1%          3
j - Magic Dart            Conj           100%       1d8       1%          1
Your spell library was empty.

Dungeon Overview and Level Annotations

Branches:
Dungeon (8/15)             Temple (1/1) D:5
   Lair: D:8-11

Altars:
Ashenzari
Dithmenos
Fedhas
Gozag
Kikubaaqudgha
Makhleb
Nemelex Xobeh
Qazlal
Trog
Uskayaw
Xom
Zin
The Shining One
Lugonu


Innate Abilities, Weirdness & Mutations

You are immune to sickness and miasma.
You are immune to poison.
Your flesh is very heat resistant. (rF++)
You are vulnerable to cold. (rC-)
You float through the air rather than walking.
You learn spells naturally, not from books.
Your magical power is your life essence.
You have superior vitality. (+4 HP)


Message History

You fly downwards.
There is a stone staircase leading up here.
There is a stone staircase leading up here.
Found a scimitar.
An acid dragon comes into view.
The acid dragon roars!
The acid dragon spits acid at you. The splash of acid hits you.
The acid corrodes you!
You are splashed with acid!
Casting: Sticky Flame (dangerous; 3% risk of failure)
Confirm with . or Enter, or press ? or * to list all spells.
Aiming: Sticky Flame (dangerous; 3% risk of failure)
Press: ? - help, Shift-Dir - straight line, f - acid dragon
Aim: an acid dragon (catching its breath, 100% to hit)
The sticky flame hits the acid dragon.
The acid dragon is lightly wounded.
The acid dragon is covered in liquid flames!
The acid dragon burns!
You hit the acid dragon but do no damage.
The acid dragon is moderately wounded.
The acid dragon burns! x2; The acid dragon completely misses you.
The acid dragon closely misses you. The acid dragon bites you!
The acid dragon claws you.
You barely miss the acid dragon.
The acid dragon is heavily wounded.
The acid dragon burns!
The acid dragon bites you. The acid dragon claws you.
The acid dragon burns!
Casting: Sticky Flame (dangerous; 3% risk of failure)
Confirm with . or Enter, or press ? or * to list all spells.
Aiming: Sticky Flame (dangerous; 3% risk of failure)
Press: ? - help, Shift-Dir - straight line, f/p - acid dragon
Aim: an acid dragon (severely wounded, covered in liquid flames, 100% to hit)
The sticky flame hits the acid dragon.
The acid dragon is almost dead.
The acid dragon is covered in liquid flames!
The acid dragon burns!
The acid dragon spits acid at you. The splash of acid hits you!
* * * LOW HITPOINT WARNING * * *
You are splashed with acid!
You die...

##
#)..###############
#.......@D.......
#...###.##########.
#..####<#######
#.............#
#...###.#####.# #.
#.# ##. #


You could see an acid dragon (burning, catching breath).

Vanquished Creatures
  Prince Ribbit (D:5)
  2 ogres
  A centaur (D:7)
  A scorpion (D:5)
  2 wights (D:7)
  A howler monkey (D:6)
  2 hounds
  A jelly (D:4)
  Crazy Yiuf (D:7)
  2 orc priests
  An orc wizard (D:7)
  A hound skeleton (D:4)
  A howler monkey zombie (D:6)
  5 adders
  A shadow imp (D:5)
  An adder skeleton (D:4)
  3 dart slugs
  5 orcs
  5 ball pythons
  8 endoplasms
  A giant cockroach (D:1)
  5 goblins
  4 hobgoblins
  A jackal (D:2)
  6 kobolds
  5 quokkas
  4 bats
  4 frilled lizards
  3 rats
78 creatures vanquished.

Vanquished Creatures (collateral kills)
  A shadow (D:7)
  A vampire (D:7)
  2 orc warriors
  An ice beast (D:7)
  An ogre (D:7)
  A centaur (D:7)
  A phantom (D:7)
  A bullfrog (D:7)
  A wyvern zombie (D:6)
  A wight (D:7)
  A howler monkey (D:5)
  A centaur zombie (D:7)
  A hound (D:7)
  A jelly (D:6)
  2 orc priests (D:4)
  2 iguanas (D:6)
  Jessica (D:3)
  4 orc wizards
  Ijyb (D:3)
  4 gnolls
  A worm (D:4)
  7 orcs
  2 endoplasms (D:1)
  A giant cockroach (D:1)
  3 hobgoblins
  2 jackals (D:2)
  A frilled lizard (D:1)
  3 kobolds
49 creatures vanquished.

Grand Total: 127 creatures vanquished

Notes
Turn   | Place    | Note
-------+----------+-------------------------------------------
     0 | D:1      | freelancePsychic the Djinni Summoner began the quest for
                  | the Orb.
     0 | D:1      | Reached XP level 1. HP: 15/15 MP: 0/0
   380 | D:1      | Reached XP level 2. HP: 12/22 MP: 0/0
  1151 | D:1      | Reached skill level 1 in Fighting
  1205 | D:1      | Reached XP level 3. HP: 9/27 MP: 0/0
  1205 | D:1      | Learned a level 1 spell: Magic Dart
  2407 | D:2      | Reached XP level 4. HP: 32/32 MP: 0/0
  3092 | D:3      | Noticed a water elemental
  3102 | D:3      | Noticed Ijyb
  3105 | D:3      | Found a stormy altar of Qazlal.
  3107 | D:3      | Noticed an earth elemental
  3107 | D:3      | Noticed an air elemental
  3107 | D:3      | Noticed a fire elemental
  3120 | D:3      | Killed Ijyb
  4271 | D:3      | Noticed Jessica
  4280 | D:3      | Killed Jessica
  4281 | D:3      | Reached XP level 5. HP: 38/38 MP: 0/0
  4281 | D:3      | Learned a level 2 spell: Passwall
  4700 | D:4      | Noticed an ogre
  4708 | D:4      | Killed an ogre
  4709 | D:4      | Reached skill level 5 in Spellcasting
  4709 | D:4      | Reached XP level 6. HP: 35/46 MP: 0/0
  5062 | D:4      | HP: 2/46 [something (1)]
  6025 | D:5      | Entered Level 5 of the Dungeon
  6040 | D:5      | Reached XP level 7. HP: 35/50 MP: 0/0
  6040 | D:5      | Learned a level 3 spell: Mephitic Cloud
  6194 | D:5      | Found an opulent altar of Gozag.
  6297 | D:5      | Found a staircase to the Ecumenical Temple.
  6305 | Temple   | Entered the Ecumenical Temple
  6345 | Temple   | Became a worshipper of Makhleb the Destroyer
  6423 | D:5      | Noticed Prince Ribbit
  6434 | D:5      | Killed Prince Ribbit
  6613 | D:5      | Found a bloodstained altar of Trog.
  7114 | D:6      | Reached XP level 8. HP: 27/58 MP: 0/0
  7561 | D:6      | Found a shimmering altar of Xom.
  7644 | D:6      | Reached * piety under Makhleb
  7732 | D:6      | Found a blossoming altar of Fedhas.
  7875 | D:6      | Reached skill level 5 in Fighting
  8114 | D:7      | Found a glowing golden altar of the Shining One.
  8131 | D:7      | Reached skill level 5 in Dodging
  8360 | D:7      | Noticed a vampire
  8366 | D:7      | Killed a vampire
  8777 | D:7      | Found a glowing silver altar of Zin.
  8954 | D:7      | Noticed a shadow
  9000 | D:7      | Killed a shadow
  9001 | D:7      | Reached XP level 9. HP: 30/66 MP: 0/0
  9001 | D:7      | Learned a level 4 spell: Sticky Flame
  9689 | D:7      | Found a runed translucent door.
  9690 | D:7      | Noticed Crazy Yiuf
  9819 | D:7      | Killed Crazy Yiuf
  9917 | D:8      | Splashed by an acid dragon's acid

Illustrated notes

Levels and vault maps discovered:
D:1:      shiori_shiawase, layout_loops_ring, minmay_pentomino_v4
D:2:      layout_loops_cross
D:3:      layout_basic, nicolae_qazlal_style_of_elements, uniq_ijyb,
          uniq_jessica
D:4:      layout_basic, minmay_bisected
D:5:      layout_rooms, old_standard_altar, trog_butcher_becter,
          minmay_temple_entry_wispy, uniq_prince_ribbit1
D:6:      layout_rooms, old_standard_altar, lemuel_tele_altar,
          minmay_misc_feat_tiny
D:7:      layout_loops_ring, nicolae_overflow_hidden_temple,
          nicolae_overflow_crystal_walls, uniq_crazy_yiuf_cottage
D:8:      layout_loops_ring, lair_entry_dummy, serial_rivers,
          chequers_serial_rivers_small_3, chequers_serial_rivers_large_b,
          chequers_serial_rivers_room_b, chequers_serial_rivers_micro_b,
          gammafunk_ghost_wrathful_warriors, kennysheep_boxes
Temple:   corrupted_temple

Skill      XL: |  1  2  3  4  5  6  7  8 |
---------------+-------------------------+-----
Fighting       | 1 2 3 4 6 |  6.5
Spellcasting   | 4 5 6 |  6.1
Dodging        | 3 4 6 |  6.6
Stealth        | |  1.5

Action                   |  1- 3 |  4- 6 |  7- 9 || total
-------------------------+-------+-------+-------++-------
Melee: Short sword       |    50 |       |       ||    50
       Unarmed           |     3 |       |       ||     3
       Quarterstaff      |     1 |    59 |     5 ||    65
       Staff             |       |       |    57 ||    57
 Cast: Summon Small Mamm |    10 |       |       ||    10
       Call Imp          |     3 |     4 |       ||     7
       Magic Dart        |    40 |    37 |    39 ||   116
       Call Canine Famil |       |     6 |     1 ||     7
       Summon Lightning  |       |     2 |    14 ||    16
       Mephitic Cloud    |       |       |    11 ||    11
       Summon Ice Beast  |       |       |     4 ||     4
       Sticky Flame      |       |       |     6 ||     6
  Use: Scroll            |     2 |       |     5 ||     7
       Potion            |       |     4 |       ||     4
 Stab: Sleeping          |       |     1 |       ||     1
       Distracted        |       |       |     1 ||     1
       Confused          |       |       |     1 ||     1
Armor: Robe              |    13 |     7 |    10 ||    30
       Skin              |       |     2 |       ||     2
Dodge: Dodged            |    51 |    40 |    49 ||   140

Table legend: (Time is in decaauts)
 A = Elapsed time spent in this place.
 B = Non-inter-level travel time spent in this place.
 C = Inter-level travel time spent in this place.
 D = Time resting spent in this place.
 E = Time spent auto-exploring this place.
 F = Levels seen in this place.
 G = Mean time per level.
                   A        B        C        D        E       F      G
               +--------+--------+--------+--------+--------+-----+--------+
         Total |   9950 |   9604 |    346 |    818 |   7749 |   9 | 1105.6 |
       Dungeon |   9884 |   9551 |    333 |    818 |   7736 |   8 | 1235.5 |
        Temple |     66 |     53 |     13 |      0 |     13 |   1 |   66.0 |
               +--------+--------+--------+--------+--------+-----+--------+

Top non-repeatable levels by time:
     D:1: 2133 daAuts
     D:7: 1800 daAuts
     D:3: 1665 daAuts
     D:4: 1427 daAuts
     D:5: 1314 daAuts
     D:2: 819 daAuts
     D:6: 710 daAuts
  Temple: 66 daAuts
     D:8: 13 daAuts
